Map: Lerilakgipfel

Players

루시프

  • Race: Protoss Protoss
  • League: Platinum

MuffinMan - Winner!

  • Race: Zerg Zerg
  • League: Platinum

VOD

Have the link to the VOD?

Description

An +1/+1 Timing Push vs Adepts, with later transition in Muta and T3.

Time

  • Played on: Oct. 1, 2015, 3:46 a.m.
  • Length: 14:07
Show
View Real Time Build Order
Export as new Build Order

루시프 Protoss 

Build Orders: Nexus First 

Get SALT Encoding   

  12  0:00  Probe (Chrono Boost)  
  13  0:10  Probe (Chrono Boost)  
  14  0:18  Pylon  
  14  0:21  Probe (Chrono Boost)  
  15  0:36  Probe (Chrono Boost)  
  16  0:46  Probe (Chrono Boost)  
  17  1:00  Nexus  
  17  1:02  Probe (Chrono Boost)  
  18  1:12  Probe (Chrono Boost)  
  18  1:18  Gateway  
  19  1:22  Probe (Chrono Boost)  
  20  1:26  Assimilator  
  20  1:32  Probe (Chrono Boost)  
  21  1:37  Pylon  
  21  1:41  Assimilator  
  21  1:42  Probe (Chrono Boost)  
  22  1:52  Probe (Chrono Boost)  
  23  2:02  Probe (Chrono Boost)  
  23  2:06  Zealot  
  26  2:13  Cybernetics Core  
  26  2:16  Gateway  
  26  2:25  Probe x2 (Chrono Boost)  
  28  2:35  Probe x2 (Chrono Boost)  
  30  2:41  Pylon  
  30  2:46  Probe x2 (Chrono Boost)  
  32  2:52  Warp Gate (Chrono Boost)  
  32  2:58  Probe x2 (Chrono Boost)  
  34  3:03  Adept x2  
  38  3:09  Probe (Chrono Boost), Forge  
  38  3:12  Probe (Chrono Boost)  
  40  3:19  Probe (Chrono Boost)  
  41  3:21  Mothership Core (Chrono Boost)  
  43  3:30  Probe (Chrono Boost), Adept  
  43  3:31  Adept  
  48  3:39  Probe (Chrono Boost)  
  49  3:43  Robotics Facility  
  49  3:49  Probe (Chrono Boost)  
  49  3:52  Pylon  
  49  3:55  Pylon  
  50  4:13  Gateway  
  50  4:15  Gateway  
  50  4:16  Photon Cannon  
  50  4:17  Probe x2 (Chrono Boost)  
  50  4:20  Assimilator  
  50  4:23  Assimilator  
  52  4:27  Probe  
  52  4:29  Probe  
  54  4:51  Probe  
  53  4:53  Protoss Ground Weapons Level 1  
  53  4:58  Probe  
  53  4:59  Robotics Bay  
  53  5:01  Photon Cannon  
  54  5:08  Sentry x2  
  58  5:15  Sentry x2, Probe  
  58  5:17  Probe  
  64  5:26  Gateway  
  64  5:29  Gateway  
  64  5:48  Adept  
  64  5:49  Adept x3  
  62  6:20  Pylon  
  62  6:28  Pylon  
  62  6:30  Pylon  
  62  6:32  Extended Thermal Lance (Chrono Boost)  
  62  6:33  Pylon  
  62  6:42  Pylon  
  62  6:44  Probe  
  62  6:45  Colossus (Chrono Boost)  
  62  6:46  Probe  
  70  6:48  Protoss Ground Armor Level 1  
  70  6:51  Pylon  
  70  6:54  Pylon  
  70  6:55  Probe, Pylon  
  70  6:56  Adept x2  
  70  6:57  Adept x3  
  70  6:58  Probe  
  82  7:09  Probe  
  82  7:10  Probe  
  84  7:17  Zealot  
  84  7:18  Zealot x3  
  92  7:35  Colossus (Chrono Boost)  
  98  7:51  Sentry x2  
  94  7:58  Nexus  
  94  8:08  Stalker x2  
  94  8:09  Stalker x2, Probe x2  
  94  8:11  Pylon  
  104  8:13  Pylon  
  104  8:14  Pylon  
  104  8:19  Assimilator  
  104  8:26  Assimilator  
  104  8:32  Probe  
  104  8:33  Probe  
  106  8:34  Stalker x4  
  106  8:35  Stalker  
  116  8:47  Twilight Council  
  116  9:04  Observer (Chrono Boost)  
  116  9:09  Probe (Chrono Boost)  
  118  9:11  Probe (Chrono Boost)  
  115  9:21  Stalker  
  115  9:22  Stalker x5  
  113  9:26  Observer  
  113  9:30  Blink (Chrono Boost)  
  106  9:31  Mothership Core (Chrono Boost)  
  106  9:33  Probe (Chrono Boost)  
  89  9:45  Stalker x2  
  79  10:00  Sentry  
  79  10:01  Sentry  
  83  10:11  Stalker  
  83  10:12  Stalker x2  
  89  10:19  Photon Cannon x2  
  89  10:23  Gateway  
  89  10:24  Gateway  
  89  10:31  Stalker  
  89  10:32  Stalker  
  93  10:40  Pylon  
  93  10:41  Pylon  
  93  10:44  Pylon  
  93  10:49  Stalker  
  95  10:50  Stalker  
  95  10:51  Adept x2  
  95  10:56  Probe  
  101  10:58  Probe  
  101  11:11  Stalker x2  
  101  11:12  Stalker x2  
  107  11:27  Probe, Pylon  
  107  11:29  Probe  
  109  11:45  Nexus  
  109  11:57  Probe  
  110  12:02  Colossus  
  110  12:05  Sentry x2  
  110  12:08  Shield Upgrade (Chrono Boost)  
  115  12:24  Probe  
  115  12:28  Probe  
  116  12:33  Sentry x2  
  116  12:34  Sentry  
  123  12:42  Probe  
  124  12:56  Colossus  
  130  13:09  Probe  
  130  13:11  Probe  
  130  13:12  Probe  
  133  13:33  Nexus  
  133  13:34  Pylon  
  129  13:48  Adept x4  
  114  13:49  Adept x3  
  110  13:58  Stalker  
Show
View Real Time Build Order
Export as new Build Order

MuffinMan Zerg - Winner!

Build Orders: Hatch First 

Get SALT Encoding   

  12  0:01  Drone  
  13  0:12  Overlord  
  13  0:17  Drone  
  14  0:30  Drone  
  14  0:31  Drone  
  16  0:35  Drone  
  17  0:53  Hatchery  
  17  0:56  Drone  
  17  0:59  Drone  
  17  1:03  Extractor  
  17  1:06  Drone  
  18  1:20  Drone, Spawning Pool  
  18  1:28  Drone  
  19  1:39  Drone  
  20  1:49  Drone  
  21  2:00  Drone  
  22  2:06  Queen  
  24  2:08  Queen  
  24  2:10  Overlord  
  24  2:12  Drone  
  27  2:15  Drone  
  28  2:29  Drone x2  
  30  2:32  Drone  
  31  2:38  Evolution Chamber, Overlord  
  31  2:42  Evolution Chamber  
  29  2:50  Overlord  
  29  2:51  Drone  
  30  2:54  Zergling x2  
  31  2:58  Drone  
  31  3:04  Zerg Ground Armor Level 1  
  32  3:08  Zerg Melee Weapons Level 1  
  32  3:09  Drone  
  32  3:12  Drone  
  34  3:19  Drone  
  35  3:22  Drone x5  
  35  3:24  Drone  
  41  3:27  Overlord  
  41  3:36  Metabolic Boost  
  41  3:38  Zergling x6  
  44  3:55  Zergling x12  
  49  3:56  Zergling x2  
  49  3:58  Overlord  
  51  4:03  Hatchery  
  51  4:04  Spore Crawler  
  51  4:07  Zergling x8  
  53  4:13  Spore Crawler  
  53  4:14  Drone  
  53  4:20  Zergling x8  
  53  4:21  Zergling x2  
  58  4:35  Zergling x4  
  58  4:36  Zergling x6  
  63  4:47  Zergling x4  
  63  4:52  Drone  
  65  4:58  Drone x3  
  65  4:59  Overlord  
  68  5:00  Overlord  
  68  5:02  Lair, Extractor x2  
  68  5:05  Drone x2  
  67  5:07  Extractor  
  67  5:13  Zergling x8  
  67  5:15  Queen  
  69  5:24  Drone x2  
  69  5:27  Overlord  
  71  5:36  Zergling x2  
  71  5:37  Zergling x12  
  75  5:47  Zergling x4  
  75  5:52  Zergling x4  
  74  6:02  Zergling x2  
  74  6:03  Zergling x2  
  64  6:06  Hydralisk Den  
  57  6:13  Zergling x6  
  57  6:17  Spire  
  57  6:19  Drone x2  
  56  6:29  Drone x3  
  59  6:40  Drone x7  
  59  6:43  Drone x4  
  70  6:51  Overlord x2  
  70  6:53  Drone x5  
  75  6:56  Extractor  
  75  6:57  Extractor  
  73  7:08  Drone x6  
  76  7:09  Drone  
  80  7:16  Muscular Augments  
  80  7:19  Overlord x2  
  80  7:21  Overseer  
  80  7:23  Pneumatized Carapace  
  80  7:33  Overlord  
  80  7:34  Mutalisk x6  
  91  7:44  Mutalisk  
  91  7:45  Mutalisk x3  
  95  8:00  Mutalisk x3  
  101  8:17  Drone x2  
  103  8:20  Mutalisk x3  
  103  8:22  Zergling x2  
  103  8:23  Zergling x14  
  103  8:26  Zerg Missile Weapons Level 1, Extractor  
  116  8:27  Hatchery  
  116  8:29  Extractor  
  116  8:31  Mutalisk  
  111  8:37  Mutalisk  
  111  8:40  Zergling x14  
  120  8:51  Drone x2  
  120  8:52  Overlord x4  
  120  8:53  Overlord  
  122  8:57  Infestation Pit  
  122  8:58  Zergling x2  
  121  9:11  Mutalisk x2  
  121  9:12  Mutalisk x2  
  126  9:18  Mutalisk  
  126  9:23  Zergling x12  
  126  9:24  Zergling x10  
  121  9:25  Zergling x6  
  125  9:44  Mutalisk x4, Zergling x2  
  132  9:53  Hive  
  132  9:54  Drone x2  
  132  9:55  Drone x8  
  142  10:07  Queen  
  144  10:24  Mutalisk x4  
  134  10:37  Zerg Ground Armor Level 2  
  134  10:49  Queen  
  136  10:50  Drone x4  
  136  10:51  Drone  
  141  11:05  Hatchery, Extractor  
  141  11:07  Extractor  
  132  11:24  Ultralisk Cavern  
  131  11:26  Overlord  
  131  11:27  Overlord x4  
  117  11:41  Adrenal Glands  
  115  12:14  Chitinous Plating, Corruptor  
  115  12:15  Ultralisk  
  115  12:16  Ultralisk x5  
  142  12:23  Ultralisk  
  142  12:27  Queen  
  144  12:33  Ultralisk  
  144  12:36  Zergling x18  
  144  12:37  Zergling x40  
  165  12:38  Zergling x12  
  185  12:58  Ultralisk  
  191  12:59  Drone x5  
Tags
 
Add a new tag
Caveats
  • Supply blocks, unpowered buildings, or Contaminate may cause inaccurate times.
  • Supply counts are checked every 10 seconds.